 Dungeon Crawl Stone Soup version 0.24-a0-434-gd57e52fea8 (webtiles) character file.

Game seed: 1803292520328656044

137573 Nitrous the Eclecticist (level 16, -1/99 HPs)
             Began as a Deep Elf Conjurer on June 15, 2019.
             Was a High Priest of Vehumet.
             Succumbed to Aizul's bolt of poison
             ... on level 3 of the Swamp.
             The game lasted 02:42:44 (52375 turns).

Nitrous the Eclecticist (Deep Elf Conjurer)        Turns: 52375, Time: 02:42:44

Health: -1/99      AC: 13    Str:  5    XL:     16   Next: 69%
Magic:  37/41      EV: 20    Int: 28    God:    Vehumet [*****.]
Gold:   2626       SH:  0    Dex: 15    Spells: 30/54 levels left

rFire    + . .     SeeInvis .   V - staff of conjuration
rCold    + . .     Gourm    .   (no shield)
rNeg     . . .     Faith    .   a - +0 robe
rPois    .         Spirit   .   U - +2 hat
rElec    .         Reflect  .   v - scarf {rC+ rF+}
rCorr    .         Harm     .   Z - +2 pair of gloves
MR       ++...                  X - +0 pair of boots
Stlth    +++.......             p - amulet of regeneration
HPRegen  0.66/turn              I - +5 ring of protection
MPRegen  0.27/turn              l - ring of protection from magic

@: lethally poisoned (-1 -> -33)
A: no striking features
a: Renounce Religion


You were on level 3 of the Swamp.
You worshipped Vehumet.
Vehumet was extremely pleased with you.
You were not hungry.

You visited 6 branches of the dungeon, and saw 28 of its levels.
You also visited: Ossuary and Bailey.

You collected 3512 gold pieces.
You spent 886 gold pieces at shops.

Inventory:

Hand Weapons
 q - a +4 quarterstaff of chaos
 B - a +1 quarterstaff of flaming
 L - a +0 quarterstaff of freezing
Armour
 a - a +0 robe (worn)
 v - a scarf of resistance (worn)
 H - a +2 cloak of magic resistance
 U - a +2 hat (worn)
 X - a +0 pair of boots (worn)
 Z - a +2 pair of gloves (worn)
Magical Staves
 V - an uncursed staff of conjuration (weapon)
Jewellery
 e - an uncursed ring of flight
 l - a ring of protection from magic (right hand)
 p - an amulet of regeneration (around neck)
 z - an uncursed ring of ice
 A - a +4 ring of evasion {unknown}
 I - a +5 ring of protection (left hand)
 P - the ring of Igeodyj {rPois rF+ Stlth+}
   (You acquired it on level 11 of the Dungeon)

   [ring of protection from fire]

   It protects you from fire.
   It protects you from poison.
   It makes you more stealthy.
Wands
 m - a wand of acid (10)
 n - a wand of enslavement (3)
 x - a wand of digging (12)
Scrolls
 f - 3 scrolls of amnesia
 h - 2 scrolls of teleportation
 j - 13 scrolls of remove curse
 k - 7 scrolls of immolation
 u - 12 scrolls of identify
 w - 4 scrolls of enchant armour
 J - 5 scrolls of magic mapping
 S - 2 scrolls of enchant weapon
 Y - a scroll of fog
Potions
 b - 5 potions of curing
 d - a potion of mutation
 g - 5 potions of brilliance
 i - 2 potions of flight
 o - a potion of ambrosia
 r - 4 potions of lignification
 D - 2 potions of cancellation
 E - 5 potions of might
 F - 3 potions of resistance
 G - 2 potions of agility
 M - a potion of haste
 Q - 4 potions of invisibility
 T - 3 potions of berserk rage
 W - a potion of magic
Miscellaneous
 O - a phantom mirror
Comestibles
 c - 39 rations


   Skills:
 * Level 10.7 Fighting
 - Level 7.0 Staves
 * Level 11.2 Dodging
 + Level 5.1 Stealth
 + Level 19.9 Spellcasting
 + Level 16.4 Conjurations
 + Level 4.6 Hexes
 + Level 0.4 Charms
 + Level 1.3 Necromancy
 + Level 10.8 Translocations
 + Level 6.6 Fire Magic
 + Level 0.1 Evocations


You had 30 spell levels left.
You knew the following spells:

 Your Spells              Type           Power        Failure   Level  Hunger
a - Magic Dart            Conj           ####         0%          1    None
b - Slow                  Hex            ######..     1%          2    None
c - Force Lance           Conj/Tloc      ########     1%          4    None
d - Fulminant Prism       Conj/Hex       #######...   1%          4    None
e - Fireball              Conj/Fire      #######...   1%          5    None
f - Regeneration          Chrm/Necr      ####......   3%          3    None
g - Iskenderun's Battles  Conj/Chrm      #######.     1%          5    None

Your spell library contained the following spells:

 Spells                   Type           Power        Failure   Level  Hunger
 Bolt of Cold             Conj/Ice       #######...   2%          6    None
 Flame Tongue             Conj/Fire      #####        0%          1    None
 Searing Ray              Conj           ######       0%          2    None
 Throw Flame              Conj/Fire      ######       0%          2    None
 Iskenderun's Mystic Bla  Conj           ########     0%          4    None
 Corona                   Hex            ######.      1%          1    None
 Freeze                   Ice            ####         1%          1    None
 Infusion                 Chrm           ####         1%          1    None
 Shock                    Conj/Air       ####         1%          1    None
 Blink                    Tloc           N/A          1%          2    None
 Ensorcelled Hibernation  Hex/Ice        #####.       1%          2    None
 Shroud of Golubria       Chrm/Tloc      ######       1%          2    None
 Song of Slaying          Chrm           ####....     1%          2    None
 Swiftness                Chrm/Air       ####....     1%          2    None
 Throw Frost              Conj/Ice       ######       1%          2    None
 Confuse                  Hex            ######..     1%          3    None
 Conjure Flame            Conj/Fire      #######.     1%          3    None
 Dazzling Spray           Conj/Hex       ######       1%          3    None
 Inner Flame              Hex/Fire       ######..     1%          3    None
 Mephitic Cloud           Conj/Pois/Air  ######..     1%          3    None
 Spectral Weapon          Hex/Chrm       #####...     1%          3    None
 Static Discharge         Conj/Air       #######.     1%          3    None
 Tukima's Dance           Hex            ######..     1%          3    None
 Sticky Flame             Conj/Fire      #######.     1%          4    None
 Throw Icicle             Conj/Ice       #######.     1%          4    None
 Lightning Bolt           Conj/Air       #######...   1%          5    None
 Call Imp                 Summ           ####....     2%          2    None
 Ozocubu's Armour         Chrm/Ice       ####....     4%          3    None
 Airstrike                Air            ####......   4%          4    None
 Summon Ice Beast         Ice/Summ       ####....     14%         4    None


Dungeon Overview and Level Annotations

Branches:
Dungeon (15/15)            Temple (1/1) D:5            Lair (6/6) D:8
  Swamp (3/4) Lair:3       Spider (0/4) Lair:4        Slime (0/5) Lair:5
    Orc (2/2) D:11            Elf (0/3) Orc:2        Vaults (0/5) D:13
 Depths (1/5) D:15

Altars:
Cheibriados
Dithmenos
Elyvilon
Fedhas
Gozag
Hepliaklqana
Kikubaaqudgha
Makhleb
Nemelex Xobeh
Okawaru
Qazlal
Ru
Sif Muna
Uskayaw
Vehumet
Wu Jian
Xom
Yredelemnul
Zin
The Shining One

Shops:
D:5 *   D:6 (**   D:9 [   D:15 ?**(}   Orc:2 *[(}

Annotations:
D:4 exclusion: phantom
D:15 exclusion: Roxanne, Roxanne
Swamp:3 Aizul


Message History

The bolt of poison hits you!!
You are poisoned.
Aizul coils herself and waves her upper body at you.
The poison arrow hits you!!!
You are more poisoned.
* * * LOW HITPOINT WARNING * * *
Aizul casts a spell at you. The bolt of poison hits you!!
You are lethally poisoned!
* * * LOW HITPOINT WARNING * * *
There is a stone staircase leading up here.
Casting: Magic Dart (safe; 0% risk of failure)
Confirm with . or Enter, or press ? or * to list all spells.
Aiming: Force Lance (safe; 1% risk of failure)
Press: ? - help, Shift-Dir - straight line, f - Aizul
Aim: Aizul (moderately wounded)
You feel a surge of power!
The lance of force hits Aizul!
Aizul is moderately wounded.
Aizul is knocked back by the lance of force.
You die...

≈≈≈≈≈ ♣♣♣♣ ≈≈≈≈≈ ♣≈≈♣♣
♣♣♣♣♣.≈.≈
♣♣.<≈♣♣♣♣♣♣.≈≈.§.≈
♣≈≈≈≈≈≈.S.♣≈≈≈≈.♣
♣♣§≈≈≈≈≈≈≈♣.≈≈.♣
♣..≈§.≈≈≈..≈.♣♣
♣♣....≈.≈≈≈@..≈♣♣♣♣♣♣.
♣..≈≈.♣≈..♣♣≈.§..≈≈..≈
♣♣≈≈≈.♣♣≈.♣♣♣§≈≈.≈§≈≈≈
♣♣..≈♣♣♣♣♣≈....≈≈..≈≈
♣♣...♣ ♣....≈≈...≈♣..
♣≈..≈♣♣≈.≈≈..≈.≈♣♣♣
♣♣≈≈♣♣♣}....≈≈.≈≈♣
♣♣♣♣.≈≈≈.≈≈†≈.≈♣♣
.≈≈≈♣♣≈...♣.


You could see Aizul.

Vanquished Creatures
  Jorgrun (D:12)
  Gastronok (D:11)
  A fire giant (D:15)
  An orc warlord (Orc:1)
  A dire elephant (Lair:6)
  Azrael (D:13)
  An ettin (Orc:2)
  A fire dragon (Lair:6)
  Fannar (D:12)
  A shambling mangrove (Swamp:1)
  An ice dragon (D:12)
  4 vault guards (D:13)
  10 hydras
  A catoblepas (D:15)
  13 two-headed ogres
  7 alligators
  10 death yaks
  A centaur warrior (D:13)
  A death knight (D:12)
  3 tengu warriors
  2 ogre magi (Orc:2)
  An orc high priest (Orc:1)
  4 skeletal warriors (D:14)
  5 unseen horrors
  2 deep trolls
  2 swamp dragons
  2 lindwurms (Lair:6)
  2 orc knights
  An oklob plant (Lair:4)
  15 ugly things
  2 deep elf magi (D:13)
  5 cyclopes
  An orc sorcerer (D:11)
  2 centaur zombies
  17 elephants
  6 black mambas
  An ice statue (Lair:2)
  A torpor snail (Lair:4)
  16 spiny frogs
  A kobold demonologist (D:14)
  4 rime drakes (Lair:6)
  A freezing wraith (Lair:2)
  10 komodo dragons
  5 polar bears
  14 trolls
  4 hornets (Swamp:1)
  A jumping spider (Lair:4)
  26 blink frogs
  7 tyrant leeches
  31 slime creatures
  7 dream sheep (Lair:6)
  11 hippogriffs
  6 bog bodies (Swamp:1)
  A redback (Lair:4)
  2 spriggans
  8 shadows
  4 wraiths
  26 yaks
  8 humans
  Grum (Lair:1)
  4 vampires
  3 wyverns
  A hog (shapeshifter) (D:15)
  3 fire elementals (D:13)
  4 hungry ghosts
  6 basilisks
  2 insubstantial wisps
  11 vampire mosquitoes
  5 wargs
  A soldier ant (D:12)
  5 swamp worms
  18 water moccasins
  5 acid dragons
  2 hell hounds (D:13)
  9 porcupines
  8 swamp drakes
  16 orc warriors
  3 sky beasts
  10 ice beasts
  A slave (D:6)
  31 ogres
  2 black bears
  2 phantoms
  An eye of draining (D:13)
  3 necrophages
  13 centaurs
  32 wolves
  18 crocodiles
  27 bullfrogs
  A wyvern zombie (D:14)
  2 wyvern skeletons
  11 scorpions
  18 killer bees
  9 wights
  3 electric eels
  3 howler monkeys
  8 crimson imps
  3 bullfrog zombies
  A quasit (D:14)
  6 hounds
  14 orc priests
  2 bullfrog skeletons
  Crazy Yiuf (D:3)
  5 centaur skeletons
  6 jellies
  2 iguanas (Lair:6)
  16 orc wizards
  11 worker ants
  4 hell rats
  A killer bee zombie (D:7)
  2 hound skeletons
  2 mummies (Ossuary)
  A worker ant zombie (D:5)
  Robin (D:4)
  20 adders
  15 gnolls
  6 river rats (Lair:4)
  5 shadow imps
  2 white imps (Lair:2)
  2 oozes (D:2)
  An adder skeleton (D:8)
  3 worms
  A dart slug (D:1)
  10 leopard geckos
  53 orcs
  6 giant cockroaches
  2 gnoll zombies (Ossuary)
  15 goblins
  14 hobgoblins
  5 quokkas
  5 ball pythons (D:3)
  4 bats
  8 frilled lizards
  A hobgoblin zombie (Ossuary)
  A jackal skeleton (D:6)
  14 kobolds
  A kobold zombie (Ossuary)
  A leopard gecko skeleton (D:5)
  2 orc zombies (Ossuary)
  9 rats
  3 fulminant prisms
  7 fungi
  7 plants (Lair:6)
928 creatures vanquished.

Vanquished Creatures (others)
  An orc warrior (Orc:1)
  3 killer bees (D:10)
  96 fulminant prisms
  25 fungi
  41 plants
  36 withered plants (Swamp:1)
202 creatures vanquished.

Grand Total: 1130 creatures vanquished

Notes
Turn   | Place    | Note
-------+----------+-------------------------------------------
     0 | D:1      | Nitrous the Deep Elf Conjurer began the quest for the Orb.
     0 | D:1      | Reached XP level 1. HP: 10/10 MP: 6/6
   191 | D:1      | Reached XP level 2. HP: 15/15 MP: 2/8
   444 | D:1      | Reached skill level 5 in Conjurations
   694 | D:1      | Reached XP level 3. HP: 19/19 MP: 6/10
  1495 | D:2      | Found a deep blue altar of Sif Muna.
  1612 | D:2      | Found an ancient bone altar of Kikubaaqudgha.
  1690 | D:2      | Found a shimmering altar of Xom.
  1823 | D:3      | Reached XP level 4. HP: 24/24 MP: 9/11
  1989 | D:3      | Reached skill level 4 in Spellcasting
  2142 | D:3      | Found a runed translucent door.
  2143 | D:3      | Noticed Crazy Yiuf
  2491 | D:3      | Reached XP level 5. HP: 28/28 MP: 9/13
  3197 | D:4      | Reached skill level 5 in Spellcasting
  3298 | D:4      | Found a shadowy altar of Dithmenos.
  3298 | D:4      | Noticed a phantom
  3346 | D:4      | Found a snail-covered altar of Cheibriados.
  3461 | D:4      | Found a basalt altar of Yredelemnul.
  3731 | D:4      | Found a shimmering altar of Xom.
  3731 | D:4      | Found a shadowy altar of Dithmenos.
  3733 | D:4      | Found a shimmering altar of Xom.
  3733 | D:4      | Found a snail-covered altar of Cheibriados.
  3733 | D:4      | Found a burning altar of Makhleb.
  4148 | D:4      | Noticed Robin
  4166 | D:4      | Killed Robin
  4166 | D:4      | Reached XP level 6. HP: 32/32 MP: 1/16
  4398 | D:4      | Found an iron altar of Okawaru.
  4542 | D:5      | Entered Level 5 of the Dungeon
  4558 | D:5      | Found Wuefor's General Store.
  4581 | D:5      | Reached skill level 6 in Spellcasting
  5803 | D:5      | Found a staircase to the Ecumenical Temple.
  5812 | Temple   | Entered the Ecumenical Temple
  6055 | D:5      | Reached skill level 1 in Fighting
  6085 | D:5      | Reached XP level 7. HP: 38/38 MP: 8/18
  6302 | D:5      | Reached skill level 7 in Spellcasting
  6597 | D:6      | Learned a level 2 spell: Slow
  6602 | D:6      | Learned a level 4 spell: Force Lance
  6607 | D:6      | Learned a level 4 spell: Fulminant Prism
  6892 | D:6      | Reached XP level 8. HP: 6/45 MP: 5/21
  7020 | D:6      | Found Saubyol's Antique Weapon Shoppe.
  7092 | D:6      | Found Tomouthu's Assorted Antiques.
  7106 | D:6      | Reached skill level 8 in Spellcasting
  7476 | D:6      | Found Yloman's Assorted Antiques.
  7982 | D:7      | Found a blossoming altar of Fedhas.
  7982 | D:7      | Noticed a hippogriff
  8126 | D:7      | Found a sand-covered staircase.
  8131 | Ossuary  | Entered an ossuary
  8301 | D:7      | Reached skill level 1 in Translocations
  8679 | D:7      | Reached skill level 1 in Hexes
  8747 | D:7      | Reached skill level 9 in Spellcasting
  8874 | D:7      | Found a blossoming altar of Fedhas.
  9252 | D:7      | Found a shadowy altar of Dithmenos.
  9363 | D:7      | Reached XP level 9. HP: 51/51 MP: 16/24
  9754 | D:7      | Found a sparkling altar of Nemelex Xobeh.
  9760 | D:7      | Found a hide-covered altar of Uskayaw.
  9762 | D:7      | Found a radiant altar of Vehumet.
  9813 | D:7      | Became a worshipper of Vehumet
 10000 | D:7      | Reached skill level 10 in Spellcasting
 11337 | D:8      | Found an opulent altar of Gozag.
 11806 | D:8      | Found a staircase to the Lair.
 11821 | D:8      | Reached skill level 11 in Spellcasting
 11953 | D:8      | Reached * piety under Vehumet
 11953 | D:8      | Offered knowledge of Shock by Vehumet.
 12254 | D:8      | Reached XP level 10. HP: 58/58 MP: 22/27
 12506 | D:8      | Reached skill level 10 in Conjurations
 12636 | D:8      | Learned a level 5 spell: Fireball
 12869 | D:3      | Killed Crazy Yiuf
 13135 | D:9      | Reached skill level 1 in Staves
 13316 | D:8      | Reached ** piety under Vehumet
 13316 | D:8      | Offered knowledge of Freeze by Vehumet.
 13683 | D:9      | Found a flagged portal.
 13703 | Bailey   | Entered a bailey
 13957 | Bailey   | Noticed an orc knight
 14219 | D:9      | Found Nacagh's Armour Shop.
 14222 | D:9      | Bought a +2 cloak of magic resistance for 322 gold pieces
 14387 | D:9      | Reached skill level 12 in Spellcasting
 14498 | D:9      | Reached skill level 5 in Fighting
 14828 | D:10     | Entered Level 10 of the Dungeon
 14949 | D:10     | Offered knowledge of Static Discharge by Vehumet.
 15282 | Lair:1   | Entered Level 1 of the Lair of Beasts
 15714 | Lair:1   | Noticed a seven-headed hydra
 15753 | Lair:1   | Killed a seven-headed hydra
 15753 | Lair:1   | Reached *** piety under Vehumet
 15951 | Lair:1   | Noticed Grum
 15957 | Lair:1   | Reached XP level 11. HP: 64/64 MP: 19/29
 16279 | Lair:1   | Reached skill level 5 in Translocations
 16643 | Lair:1   | Killed Grum
 16793 | Lair:1   | Reached skill level 5 in Staves
 16793 | Lair:1   | Reached skill level 13 in Spellcasting
 16850 | Lair:1   | Offered knowledge of Throw Icicle by Vehumet.
 17260 | Lair:2   | Noticed a swamp dragon
 17260 | Lair:2   | a komodo dragon changed into a swamp dragon
 17269 | Lair:2   | HP: 3/64 [poisoned by a swamp dragon (poison gas)]
 17270 | Lair:2   | HP: 1/64 [poisoned by a swamp dragon (poison gas)]
 17275 | Lair:2   | Killed a swamp dragon
 17749 | Lair:2   | Reached skill level 5 in Dodging
 18692 | Lair:2   | Reached **** piety under Vehumet
 19214 | Lair:2   | Got a steaming trident
 19273 | Lair:3   | Offered knowledge of Airstrike by Vehumet.
 19415 | Lair:3   | Reached XP level 12. HP: 71/71 MP: 28/31
 19449 | Lair:3   | Reached skill level 14 in Spellcasting
 19567 | Lair:2   | Reached skill level 1 in Fire Magic
 20067 | Lair:3   | Found a staircase to the Swamp.
 20174 | Lair:3   | Noticed a catoblepas
 20343 | Lair:3   | Noticed a five-headed hydra
 20352 | Lair:3   | Killed a five-headed hydra
 22776 | D:11     | Noticed a two-headed ogre
 22793 | D:11     | Killed a two-headed ogre
 22793 | D:11     | Reached skill level 15 in Spellcasting
 22994 | D:11     | Found a staircase to the Orcish Mines.
 23218 | D:11     | Noticed a two-headed ogre
 23226 | D:11     | Killed a two-headed ogre
 23764 | D:11     | Identified a scroll of acquirement
 23767 | D:11     | Got a twitching silver ring
 23768 | D:11     | Identified the ring of Igeodyj {rPois rF+ Stlth+} (You
                  | acquired it on level 11 of the Dungeon)
 23975 | D:12     | Reached ***** piety under Vehumet
 24126 | D:12     | Noticed Fannar
 24126 | D:12     | Noticed Gastronok
 24362 | D:11     | Killed Gastronok
 24362 | D:11     | Offered knowledge of Spellforged Servitor by Vehumet.
 24500 | Orc:1    | Entered Level 1 of the Orcish Mines
 24776 | Orc:1    | Noticed an orc warlord
 24787 | Orc:1    | Killed an orc warlord
 24787 | Orc:1    | Reached XP level 13. HP: 76/76 MP: 13/34
 25823 | Lair:4   | Found a hole to the Spider Nest.
 26334 | Lair:4   | Reached skill level 16 in Spellcasting
 27655 | Lair:5   | Found a staircase to the Slime Pits.
 29379 | Orc:2    | Entered Level 2 of the Orcish Mines
 29740 | D:12     | Offered knowledge of Lee's Rapid Deconstruction by Vehumet.
 30497 | D:12     | Killed Fannar
 30497 | D:12     | Reached skill level 17 in Spellcasting
 30497 | D:12     | Reached XP level 14. HP: 84/84 MP: 15/37
 31281 | D:12     | Noticed Jorgrun
 32688 | Orc:2    | Found a staircase to the Elven Halls.
 32900 | Orc:2    | Found Xelaest's Weapon Emporium.
 32906 | Orc:2    | Found Hytiruk's Gadget Boutique.
 32965 | Orc:2    | Found Qummamn's General Store.
 32966 | Orc:2    | Found Adyniaf's Antique Armour Emporium.
 33689 | Lair:6   | Entered Level 6 of the Lair of Beasts
 34212 | Lair:6   | Offered knowledge of Bolt of Draining by Vehumet.
 34515 | Lair:6   | Learned a level 3 spell: Regeneration
 35220 | Lair:6   | Reached skill level 18 in Spellcasting
 35429 | Lair:6   | Reached skill level 15 in Conjurations
 35857 | Lair:6   | Reached XP level 15. HP: 90/90 MP: 5/39
 37522 | Lair:6   | Reached skill level 10 in Translocations
 39118 | Orc:1    | Reached skill level 1 in Necromancy
 39813 | D:12     | Killed Jorgrun
 40201 | D:12     | Reached ****** piety under Vehumet
 41134 | D:13     | Reached skill level 19 in Spellcasting
 41158 | D:13     | Offered knowledge of Iskenderun's Battlesphere by Vehumet.
 41165 | D:13     | Learned a level 5 spell: Iskenderun's Battlesphere
 42133 | D:13     | Reached skill level 10 in Fighting
 42209 | D:13     | Found a gate to the Vaults.
 42404 | D:13     | Noticed Azrael
 42408 | D:13     | Killed Azrael
 42408 | D:13     | Reached skill level 5 in Fire Magic
 43958 | D:14     | Reached skill level 10 in Dodging
 43979 | D:14     | Reached skill level 5 in Stealth
 43979 | D:14     | Reached XP level 16. HP: 76/97 MP: 6/41
 44303 | D:14     | Offered knowledge of Poison Arrow by Vehumet.
 44532 | D:14     | Found a white marble altar of Elyvilon.
 45161 | D:15     | Entered Level 15 of the Dungeon
 45161 | D:15     | Found Voijez's Gadget Shop.
 45186 | D:15     | Found Leled's Weapon Shoppe.
 45212 | D:15     | Identified Roxanne's Reference Book on Earth
 45212 | D:15     | Noticed Roxanne
 45640 | D:15     | Found Ihiet's General Store.
 46037 | D:15     | Found Akli's Magic Scroll Shop.
 46042 | D:15     | Bought a scroll of teleportation for 42 gold pieces
 46042 | D:15     | Bought a scroll of teleportation for 42 gold pieces
 46063 | D:15     | Found a staircase to the Depths.
 46601 | D:5      | Bought a scarf of resistance for 480 gold pieces
 47414 | D:15     | Found Taety's Assorted Antiques.
 47786 | Depths:1 | Entered Level 1 of the Depths
 48165 | Swamp:1  | Entered Level 1 of the Swamp
 48806 | Swamp:1  | Offered knowledge of Bolt of Cold by Vehumet.
 50970 | Swamp:2  | Found a basalt altar of Yredelemnul.
 52210 | Swamp:3  | Noticed Aizul
 52222 | Swamp:3  | HP: 1/99 [Aizul/poison arrow (23)]
 52374 | Swamp:3  | HP: 2/99 [Aizul/bolt of poison (23)]
 52375 | Swamp:3  | Succumbed to Aizul's bolt of poison

Levels and vault maps discovered:
D:1:      giann_horns, layout_loops_ring
D:2:      layout_basic, nicolae_overflow_hidden_temple, led_sif_pool,
          minmay_misc_feat_roman
D:3:      layout_loops_ring, minmay_snake_closets, uniq_crazy_yiuf_cottage
D:4:      layout_basic, grunt_dithmenos_shadows, kennysheep_mini,
          nicolae_overflow_crystal_walls, doesnt_xom_only_xom, uniq_robin
D:5:      minmay_diamond_boxcup, layout_rooms,
          minmay_temple_entry_enclosed_plants, first_ration, serial_shops, shop
D:6:      layout_cave_pods, serial_shops, shop, kennysheep_mini_moat,
          nicolae_shop_stone, uniq_pikel
D:7:      layout_cave_pods, minitemple, basic_altar, enter_ossuary_2,
          the_bakery, minivault_14, minivault_14, fedhas_bush_and_centaur_altar
D:8:      layout_basic, lemuel_crystal_altar, grunt_lair_entry_orc_guard_hut
D:9:      layout_basic, serial_shops, shop, enter_bailey_2
D:10:     layout_roguey
D:11:     layout_cave_pods, david_orc_3
D:12:     cheibrodos_ideogram_h, layout_cave_pools, uniq_fannar, uniq_jorgrun,
          uniq_gastronok
D:13:     layout_loops_ring, ximxim_vaults_locker_room, serial_glass,
          glass_columns_a, glass_columns_b, uniq_azrael
D:14:     layout_loops_ring, elyvilon_altar_3
D:15:     grunt_enter_depths_giant_problem, layout_gridville,
          minmay_misc_feat_doors, serial_shops, nicolae_shop_statue_plus, shop,
          shop_fountains, shop_fountains, shop, columned_hall_lemuel,
          uniq_roxanne
Temple:   jpeg_temple_island
Lair:1:   layout_roguey, gauntlet_entry_generic, serial_bayou_pond_b,
          beast_lair_carwin_11, uniq_grum
Lair:2:   layout_roguey, minivault_19, st_stairs_6, ice2_lemuel,
          serial_bayou_shore_b, lemuel_fruit_tree
Lair:3:   layout_hall_layers, swamp_mist_pool, st_stairs_9, grunt_megastairs_3,
          serial_bayou_shore_a
Lair:4:   layout_loops_ring, spider_nest_entry_funnel_web,
          kennysheep_abandoned_house, lemuel_fruit_fields
Lair:5:   layout_layer_cave, minmay_slime_entry_pillars, beast_lair_carwin_1
Lair:6:   hangedman_lair_in_review, layout_loops_ring, guppyfry_lair_end_dragon,
          serial_bayou_lagoon_a, grunt_forest_large_clearings,
          lemuel_fruit_fields
Swamp:1:  layout_basic_swamp, hangedman_swamp_pad, swamp_pool5,
          st_shrine_of_shade
Swamp:2:  layout_falls_marsh, basic_altar, cheibrodos_swamp_pet_leeches
Swamp:3:  layout_basic_swamp, lemuel_altar_in_water,
          infiniplex_staircase_pool_2, uniq_aizul
Orc:1:    layout_caves
Orc:2:    st_orc_open, layout_caves
Depths:1: layout_cave_pools, hell_entry, abandoned_shop, rand_demon_pan_entry_5,
          kennysheep_generic_room_2

Skill      XL: |  1  2  3  4  5  6  7  8  9 10 11 12 13 14 15 16 |
---------------+-------------------------------------------------+-----
Conjurations   | 5 6 7 8 9 10 11 13 14 15 16 | 16.4
Spellcasting   | 4 5 6 7 9 11 12 13 15 17 18 19 | 19.9
Stealth        | 3 4 5 |  5.1
Dodging        | 3 4 5 8 10 11 | 11.2
Fighting       | 1 2 3 4 5 6 7 8 9 10 | 10.7
Translocations | 2 3 4 6 7 8 9 10 | 10.8
Hexes          | 1 3 4 |  4.6
Staves         | 4 5 7 |  7.0
Fire Magic     | 1 3 5 6 |  6.6
Necromancy     | 1 |  1.3
Charms         | |  0.4
Evocations     | |  0.1

Action                   |  1- 3 |  4- 6 |  7- 9 | 10-12 | 13-15 | 16-18 || total
-------------------------+-------+-------+-------+-------+-------+-------++-------
Melee: Unarmed           |       |       |     2 |       |       |       ||     2
       Quarterstaff      |       |       |       |    33 |       |       ||    33
       Staff             |       |       |       |       |     7 |     1 ||     8
 Cast: Magic Dart        |    85 |   200 |   197 |   353 |   398 |    32 ||  1265
       Force Lance       |       |       |    84 |   316 |   427 |   105 ||   932
       Fulminant Prism   |       |       |    21 |    40 |    35 |     3 ||    99
       Slow              |       |       |     5 |     4 |       |       ||     9
       Fireball          |       |       |       |    17 |   244 |   159 ||   420
       Regeneration      |       |       |       |       |     9 |       ||     9
 Abil: Stop Flying       |       |       |       |     2 |       |       ||     2
       Evoke Flight      |       |       |       |     2 |       |       ||     2
Evoke: Wand              |       |       |       |       |     1 |       ||     1
  Use: Scroll            |       |     7 |     5 |    21 |     7 |     4 ||    44
       Potion            |       |     5 |     2 |    10 |       |     3 ||    20
  Eat: Chunk             |     2 |    13 |    15 |    26 |    38 |     9 ||   103
       Ration            |       |       |     2 |     4 |     6 |     5 ||    17
Armor: Robe              |     1 |     6 |     6 |    13 |    67 |     4 ||    97
Dodge: Dodged            |    10 |    47 |    78 |   101 |    99 |    24 ||   359

Table legend:
 A = Non-vault XP
 B = Vault XP
 C = Vault XP percentage of total XP
 D = Non-vault monster count
 E = Vault monster count
 F = Vault count percentage of total count
                 A         B        C        D         E       F
            +---------+---------+-------+---------+---------+-------
      Total |  123487 |   73047 |  37.2 |     633 |     280 |  30.7
            +---------+---------+-------+---------+---------+-------
        D:1 |      44 |       0 |   0.0 |      27 |       0 |   0.0
        D:2 |      50 |       0 |   0.0 |      14 |       0 |   0.0
        D:3 |      55 |     126 |  69.6 |      16 |      12 |  42.9
        D:4 |     166 |      34 |  17.0 |       7 |      11 |  61.1
        D:5 |     250 |     250 |  50.0 |      13 |       8 |  38.1
        D:6 |     740 |       0 |   0.0 |      17 |       0 |   0.0
        D:7 |    1840 |     344 |  15.8 |      37 |       2 |   5.1
        D:8 |    1854 |     549 |  22.8 |      33 |       5 |  13.2
        D:9 |    1371 |       0 |   0.0 |      21 |       0 |   0.0
       D:10 |    2444 |       0 |   0.0 |      27 |       0 |   0.0
       D:11 |    6128 |    3188 |  34.2 |      24 |       9 |  27.3
       D:12 |    7315 |    9977 |  57.7 |      42 |      23 |  35.4
       D:13 |    7547 |    7583 |  50.1 |      30 |      17 |  36.2
       D:14 |   14719 |       0 |   0.0 |      41 |       0 |   0.0
       D:15 |    9371 |    1870 |  16.6 |      22 |       1 |   4.3
     Lair:1 |    5671 |    1179 |  17.2 |      23 |       7 |  23.3
     Lair:2 |    3426 |    2832 |  45.3 |      16 |      13 |  44.8
     Lair:3 |    6482 |     762 |  10.5 |      26 |       3 |  10.3
     Lair:4 |    7054 |    1578 |  18.3 |      20 |      15 |  42.9
     Lair:5 |    6286 |    6023 |  48.9 |      27 |      13 |  32.5
     Lair:6 |   14513 |   17372 |  54.5 |      41 |      62 |  60.2
    Swamp:1 |    9655 |    2795 |  22.4 |      29 |      14 |  32.6
    Swamp:2 |    5060 |     784 |  13.4 |      12 |       3 |  20.0
    Swamp:3 |    3301 |       0 |   0.0 |       7 |       0 |   0.0
      Orc:1 |    6824 |     999 |  12.8 |      42 |       2 |   4.5
      Orc:2 |    1321 |   14646 |  91.7 |      19 |      35 |  64.8
    Ossuary |       0 |      44 | 100.0 |       0 |       8 | 100.0
     Bailey |       0 |     112 | 100.0 |       0 |      17 | 100.0
            +---------+---------+-------+---------+---------+-------
